 Dungeon Crawl Stone Soup version 0.27.1-33-g824d729ab1 (webtiles) character file.

Game seed: 4277751363787426583

123 alasdair19 the Shield-Bearer (level 4, -2/40 HPs)
             Began as a Minotaur Fighter on Dec 9, 2021.
             Slain by a river rat (4 damage)
             ... in a sewer.
             The game lasted 00:05:40 (2369 turns).

alasdair19 the Shield-Bearer (Minotaur Fighter)     Turns: 2369, Time: 00:05:41

Health: -2/40      AC:  9    Str: 21    XL:     4   Next: 79%
Magic:  3/3        EV:  5    Int:  6    God:
Gold:   59         SH: 10    Dex:  9    Spells: 3/3 levels left

rFire    . . .     SeeInvis .   a - +0 long sword
rCold    . . .     Faith    .   c - +1 kite shield
rNeg     + . .     Spirit   .   e - +0 chain mail
rPois    .         Reflect  .   (helmet restricted)
rElec    .         Harm     .   (no cloak)
rCorr    .         Rampage  .   (no gloves)
Will     .....                  (no boots)
Stlth    ..........             (no amulet)
HPRegen  0.13/turn              h - ring of positive energy
MPRegen  0.08/turn              (no ring)

@: no status effects
A: horns 2, retaliatory headbutt
a: no special abilities


You were in a sewer.
You visited 1 branch of the dungeon, and saw 3 of its levels.
You also visited: Sewer.

You collected 59 gold pieces.

Inventory:

Hand Weapons
 a - a +0 long sword (weapon)
Armour
 b - a +0 scale mail
 c - a +1 kite shield (worn)
 e - a +0 chain mail (worn)
Jewellery
 h - a ring of positive energy (left hand)
Scrolls
 f - a scroll of identify
 g - a scroll of fear
 i - 2 scrolls of fog
Potions
 d - a potion of might


   Skills:
 + Level 4.1 Fighting
 + Level 3.9 Long Blades
 + Level 4.4 Armour
 + Level 5.0 Shields


You had 3 spell levels left.
You didn't know any spells.
Your spell library was empty.

Dungeon Overview and Level Annotations

Branches:
Dungeon (3/15)              Sewer (1/1)

Altars:


Innate Abilities, Weirdness & Mutations

You have a pair of horns on your head.
You reflexively headbutt those who attack you in melee.


Message History

Your unstable footing causes you to fumble your attack.
You block the adder's attack.
Your unstable footing causes you to fumble your attack.
The adder bites you.
You are poisoned.
The adder poisons you! The adder bites you but does no damage.
You slash the adder!
You kill the adder!
You feel sick.
Your Shields skill increases to level 5!
You feel sick.
You feel sick.
You feel sick.
You are no longer poisoned.
Found a glowing drain.
There is a glowing drain here.
The world spins around you as you enter the gateway.
You enter a sewer!
Found a gate leading back out of this place.
There is an empty arch of ancient stone here.
There is a gate leading back out of this place here.
You hit the river rat.
The river rat is heavily wounded.
You block the river rat's attack.
You hit the river rat but do no damage. Your headbutt misses the river rat.
The river rat is heavily wounded.
The river rat bites you!
* * * LOW HITPOINT WARNING * * *
The river rat twitches its whiskers.
The river rat bites you but does no damage.
You barely miss the river rat. Your headbutt misses the river rat.
The river rat is heavily wounded.
The river rat bites you but does no damage.
You block the river rat's attack. The river rat bites you.
* * * LOW HITPOINT WARNING * * *
You block the river rat's attack.
Your chain mail prevents you from hitting the river rat.
The river rat is heavily wounded.
You block the river rat's attack. The river rat bites you.
You die...

#.#
#.#
#.#
#.#
#.#
#r#
#r#
#r#
#@#
#r#
#r#
#.#
###


You could see 3 river rats and 2 rats.

Vanquished Creatures
  4 adders
  2 river rats (D:3)
  3 worms (D:3)
  A dart slug (D:2)
  3 ball pythons
  3 endoplasms
  2 giant cockroaches
  6 goblins
  3 hobgoblins
  7 jackals
  3 quokkas
  3 bats
  6 frilled lizards (D:1)
  6 kobolds
  7 rats
59 creatures vanquished.

Notes
Turn   | Place    | Note
-------+----------+-------------------------------------------
     0 | D:1      | alasdair19 the Minotaur Fighter began the quest for the
                  | Orb.
     0 | D:1      | Reached XP level 1. HP: 19/19 MP: 0/0
   310 | D:1      | Reached skill level 4 in Shields
   327 | D:1      | Reached XP level 2. HP: 27/27 MP: 1/1
   598 | D:1      | Found a faded altar of an unknown god.
  1118 | D:2      | Reached XP level 3. HP: 26/33 MP: 2/2
  2096 | D:3      | Reached XP level 4. HP: 35/40 MP: 3/3
  2177 | D:3      | HP: 1/40 [worm (6)]
  2354 | D:3      | Reached skill level 5 in Shields
  2357 | D:3      | Found a glowing drain.
  2362 | Sewer    | Entered a sewer
  2368 | Sewer    | HP: 2/40 [river rat (4)]
  2369 | Sewer    | Slain by a river rat

Illustrated notes

Levels and vault maps discovered:
D:1:      mrwooster_arrival_arrow, layout_loops_ring,
          chequers_ecumenical_altar_lobes
D:2:      layout_basic
D:3:      layout_loops_ring, lightli_sewer_entry_pipes, lightli_corner_chamber
Sewer:    sewer_kobolds

Skill      XL: |  1  2  3  4 |
---------------+-------------+-----
Shields        | 4 5 |  5.0
Armour         | 4 |  4.4
Fighting       | 4 |  4.1
Long Blades    | 3 |  3.9

Action                   |  1- 3 |  4- 6 || total
-------------------------+-------+-------++-------
Melee: Long sword        |   131 |    52 ||   183
       Headbutt          |    13 |     3 ||    16
  Use: Scroll            |     6 |       ||     6
Armor: Chain mail        |    64 |    30 ||    94
       Scale mail        |     2 |       ||     2
Dodge: Dodged            |    32 |    13 ||    45
Block: Kite shield       |    84 |    25 ||   109
       Rpst.: Long sword |     6 |     4 ||    10
